 Dungeon Crawl Stone Soup version 0.31.0-11-ge490571c62 (webtiles) character file.

Game seed: 2649257521491290469

24 qw the Shooter (level 2, 0/16 HPs)
             Began as a Deep Elf Hunter on Feb 3, 2024.
             Succumbed to an adder's poison
             ... on level 2 of the Dungeon.
             The game lasted 00:00:02 (852 turns).

qw the Shooter (Deep Elf Hunter)                     Turns: 852, Time: 00:00:03

Health: 0/16       AC:  6    Str:  8    XL:     2   Next: 79%
Magic:  4/4        EV: 10    Int: 13    God:
Gold:   20         SH:  0    Dex: 18    Spells: 1/1 levels left

rFire   . . .        a - +0 shortbow
rCold   . . .        (shield currently unavailable)
rNeg    . . .        g - +0 ring mail
rPois   .            (no helmet)
rElec   .            (no cloak)
rCorr   .            (no gloves)
SInv    .            e - +0 pair of boots
Will    .....        (no amulet)
Stlth   +            (no ring)
HPRegen 0.22/turn    (no ring)
MPRegen 0.09/turn

%: no passive effects
@: lethally poisoned (0 -> -1)
A: no striking features
a: no special abilities


You were on level 2 of the Dungeon.
You visited 1 branch of the dungeon, and saw 2 of its levels.

You collected 20 gold pieces.


   Skills:
 - Level 1.5 Fighting
 + Level 6.5 Ranged Weapons
 - Level 2.4 Dodging
 - Level 1.2 Stealth


You had one spell level left.
You didn't know any spells.
Your spell library was empty.

Inventory:

Hand Weapons
 a - a +0 shortbow (weapon)
Armour
 e - a +0 pair of boots (worn)
 g - a +0 ring mail (worn)
Scrolls
 f - 2 scrolls of identify

Dungeon Overview and Level Annotations

Branches:
Dungeon (2/15)

Altars:


Message History

You shoot an arrow. The arrow hits the jackal.
The jackal is almost dead.
The jackal completely misses you.
You shoot an arrow. The arrow closely misses the jackal.
The arrow barely misses the jackal.
The arrow barely misses the adder.
The jackal barely misses you. x2
You shoot an arrow. The arrow hits the jackal.
You kill the jackal!
The jackal closely misses you.
You shoot an arrow. The arrow hits the jackal!
You kill the jackal!
The adder closely misses you.
You shoot an arrow. The arrow closely misses the adder.
The arrow hits the jackal.
The jackal is lightly wounded.
The adder closely misses you.
You shoot an arrow. The arrow barely misses the adder.
The arrow misses the jackal.
The adder barely misses you. The adder misses you.
You shoot an arrow. The arrow hits the adder!
The adder is severely wounded.
The adder bites you. The adder closely misses you.
You shoot an arrow.
The arrow hits the adder but does no damage.
The adder is severely wounded.
The adder bites you but does no damage.
You shoot an arrow. The arrow closely misses the adder.
The arrow closely misses the jackal.
The adder bites you.
You are poisoned.
The adder poisons you! The adder bites you but does no damage.
You shoot an arrow. The arrow barely misses the adder.
The arrow hits the jackal!
You kill the jackal!
You feel sick. The adder bites you but does no damage. The adder bites you.
You shoot an arrow. The arrow barely misses the adder.
The arrow closely misses the jackal.
You feel sick. The adder bites you but does no damage.
You shoot an arrow. The arrow misses the adder.
The arrow misses the jackal.
You die...

#..$.........#
##...........(#
#.........<...#
#............#
#............#
#..$........#
#.......###.#
#...##.<###.#
#.<....hS@%!#
##....#####.#
#...## .. ###.#
.# #.# .$ ..#
.. ... . #


You could see an adder and a jackal.

Vanquished Creatures
  3 endoplasms (D:1)
  2 giant cockroaches
  A goblin (D:1)
  3 hobgoblins (D:1)
  3 jackals (D:2)
  A quokka (D:1)
  A ball python (D:1)
  3 bats (D:1)
  2 kobolds (D:1)
  A rat (D:1)
20 creatures vanquished.

Notes
Turn   | Place    | Note
-------+----------+-------------------------------------------
     0 | D:1      | qw the Deep Elf Hunter began the quest for the Orb.
     0 | D:1      | Reached XP level 1. HP: 12/12 MP: 3/3
     0 | D:1      | 0 ||| qw: Version: 0.3-a-157-g843a77d
     0 | D:1      | 0 ||| qw: Game counter: 4007
     0 | D:1      | 0 ||| qw: Melee chars always use a shield: true
     0 | D:1      | 0 ||| qw: God list: Okawaru
     0 | D:1      | 0 ||| qw: Allow faded altars: false
     0 | D:1      | 0 ||| qw: Do Orc after clearing Dungeon:15 true
     0 | D:1      | 0 ||| qw: Do second Lair branch before Depths: true
     0 | D:1      | 0 ||| qw: Lair rune preference: random
     0 | D:1      | 0 ||| qw: Goals: Normal
     0 | D:1      | 0 ||| PLANNING D:1-11
     2 | D:1      | Noticed an octopode
     4 | D:1      | Noticed a gargoyle
     4 | D:1      | Noticed a minotaur
     6 | D:1      | Noticed a human
     6 | D:1      | Noticed a formicid
     8 | D:1      | Noticed a ghoul
    10 | D:1      | Noticed a merfolk
    10 | D:1      | Noticed a demigod
    12 | D:1      | Noticed a naga
    12 | D:1      | Noticed an armataur
    14 | D:1      | Noticed an elf
    14 | D:1      | Noticed a felid
    16 | D:1      | Noticed a vine stalker
    16 | D:1      | Noticed a djinni
    18 | D:1      | Noticed a demonspawn
    18 | D:1      | Noticed an oni
    20 | D:1      | Noticed a tengu
    22 | D:1      | Noticed a spriggan
    22 | D:1      | Noticed a draconian
    24 | D:1      | Noticed a troll
    26 | D:1      | Noticed a barachi
    26 | D:1      | Noticed a vampire
   202 | D:1      | Reached skill level 6 in Ranged Weapons
   202 | D:1      | Reached XP level 2. HP: 8/16 MP: 4/4
   206 | D:1      | HP: 2/16 [frozen (5)]
   805 | D:1      | 805 ||| UPGRADING to +0 pair of boots.
   810 | D:1      | 810 ||| UPGRADING to +0 ring mail.
   820 | D:1      | 820 ||| DROPPING +0 leather armour.
   821 | D:1      | 821 ||| READING 3 scrolls labelled QUIHOR ZOYZXAI.
   821 | D:1      | 821 ||| IDENTIFYING 2 murky inky potions
   822 | D:1      | 822 ||| DROPPING scroll of butterflies.
   823 | D:1      | 823 ||| DROPPING 2 potions of invisibility.
   830 | D:2      | 830 ||| RETREEEEATING.
   831 | D:2      | 831 ||| RETREEEEATING.
   832 | D:2      | 832 ||| RETREEEEATING.
   833 | D:2      | 833 ||| RETREEEEATING.
   834 | D:2      | 834 ||| RETREEEEATING.
   835 | D:2      | 835 ||| RETREEEEATING.
   836 | D:2      | 836 ||| RETREEEEATING.
   837 | D:2      | 837 ||| RETREEEEATING.
   838 | D:2      | 838 ||| RETREEEEATING.
   850 | D:2      | HP: 4/16 [poisoned by an adder]
   850 | D:2      | HP: 1/16 [adder (3)]
   852 | D:2      | Succumbed to an adder's poison

Levels and vault maps discovered:
D:1:      kb_arrival_jail, layout_loops_ring
D:2:      kb_forest_paths, layout_rooms, dreamdust_princess_bridge, uniq_sigmund

Skill      XL: |  1 |
---------------+----+-----
Ranged Weapons | 6 |  6.5
Fighting       | |  1.5
Dodging        | |  2.4
Stealth        | |  1.2

Action                     || total
---------------------------++-------
   Fire: Shortbow          ||    67
    Use: Scroll            ||     1
 Armour: Leather armour    ||    11
         Ring mail         ||    15
  Dodge: Dodged            ||    26

Table legend:
 A = Non-vault XP
 B = Vault XP
 C = Vault XP percentage of total XP
 D = Non-vault monster count
 E = Vault monster count
 F = Vault count percentage of total count
                 A         B        C        D         E       F
            +---------+---------+-------+---------+---------+-------
      Total |      35 |       0 |   0.0 |      20 |       0 |   0.0
            +---------+---------+-------+---------+---------+-------
        D:1 |      27 |       0 |   0.0 |      16 |       0 |   0.0
        D:2 |       8 |       0 |   0.0 |       4 |       0 |   0.0
            +---------+---------+-------+---------+---------+-------
